 Dungeon Crawl Stone Soup version 0.30-a0-738-g116ff8c4af (webtiles) character file.

Game seed: 3990210660158395608

58 EmilyW the Covered (level 3, -3/33 HPs)
             Began as a Minotaur Fighter on Feb 1, 2023.
             Engulfed by a cloud of flame (20 damage)
             ... on level 2 of the Dungeon on Feb 3, 2023.
             The game lasted 00:05:26 (1754 turns).

EmilyW the Covered (Minotaur Fighter)               Turns: 1754, Time: 00:05:26

Health: -3/33      AC:  9    Str: 20    XL:     3   Next: 76%
Magic:  2/2        EV: 22    Int:  5    God:
Gold:   108        SH:  4    Dex: 11    Spells: 2/2 levels left

rFire   . . .      SeeInvis .    a - +0 war axe
rCold   . . .      Faith    .    c - +0 buckler
rNeg    . . .      Spirit   .    i - +0 chain mail
rPois   .          Reflect  .    (helmet restricted)
rElec   .          Harm     .    (no cloak)
rCorr   .          Rampage  .    (no gloves)
Will    .....                    (no boots) Stlth
                                 e - amulet of the acrobat
HPRegen 0.25/turn                (no ring)
MPRegen 0.08/turn                (no ring)

@: acrobatic
A: horns 2, retaliatory headbutt
a: no special abilities


You were on level 2 of the Dungeon.
You visited 1 branch of the dungeon, and saw 2 of its levels.

You collected 108 gold pieces.

Inventory:

Hand Weapons
 a - a +0 war axe (weapon)
Armour
 c - a +0 buckler (worn)
 i - a +0 chain mail (worn)
Jewellery
 e - an amulet of the acrobat (around neck)
Scrolls
 b - a scroll of teleportation
 j - a scroll of identify
Potions
 d - a potion of might
 f - a potion of heal wounds


   Skills:
 + Level 4.2 Fighting
 + Level 3.4 Axes
 + Level 4.3 Armour
 + Level 0.2 Dodging
 + Level 4.0 Shields


You had 2 spell levels left.
You didn't know any spells.
Your spell library contained the following spells:

 Spells                   Type           Power      Damage    Failure   Level
 Summon Small Mammal      Summ           0%         N/A       100%        1
 Call Canine Familiar     Summ           0%         N/A       100%        3
 Summon Guardian Golem    Hex/Summ       0%         N/A       100%        3
 Summon Forest            Summ/Tloc      0%         N/A       100%        5
 Summon Mana Viper        Hex/Summ       0%         N/A       100%        5
 Summon Cactus Giant      Summ           0%         N/A       100%        6


Dungeon Overview and Level Annotations

Branches:
Dungeon (2/15)

Altars:


Innate Abilities, Weirdness & Mutations

You have a pair of horns on your head.
You reflexively headbutt those who attack you in melee.


Message History

The worm misses you. The worm completely misses you.
The worm barely misses you. The worm completely misses you.
You furiously retaliate!
You headbutt the worm. The worm barely misses you. You furiously retaliate!
You headbutt the worm! The worm bites you but does no damage.
You block the worm's attack. The worm misses you. The worm bites you.
The worm misses you. The worm misses you.
The worm bites you but does no damage. The worm misses you.
You furiously retaliate!
You headbutt the worm! The worm misses you. The worm misses you.
The worm completely misses you.
As you read the scroll of immolation, it crumbles to dust.
The creatures around you are filled with an inner flame!
You block the worm's attack.
A worm is nearby!
A worm is nearby!
A worm is nearby!
The worm completely misses you. You block the worm's attack.
It was a potion of heal wounds.
You feel much better.
It was a potion of curing.
You feel better. The worm bites you but does no damage.
A worm is nearby!
The worm bites you. The worm misses you. The worm completely misses you.
You furiously retaliate!
You headbutt the worm.
Flame seeps out of the worm.
The worm is engulfed in blazing flames.
The worm explodes!
The fiery explosion engulfs you!
You hear an angry hiss.
Your Shields skill increases to level 4!
You are engulfed in blazing flames.
Ouch! That really hurt!
You die...

#.......### .....
########÷÷. ..... #...
...... ########## ###...
...... #........# #.'(..
......##........# #.#...
................###.#...
.....§§§........'...#...
#.°@........#####...
#.§.........'...#...
#...........###.#...
#...........# #.....
#...........# ###.##
#...........#####.#
#...........).....#
#..<#######.####### #.#


There were no monsters in sight!

Vanquished Creatures
  2 adders (D:2)
  2 worms (D:2)
  2 dart slugs
  3 endoplasms
  2 goblins (D:2)
  4 hobgoblins
  A quokka (D:1)
  6 ball pythons
  3 bats
  A frilled lizard (D:1)
  3 kobolds (D:2)
  3 rats
32 creatures vanquished.

Vanquished Creatures (others)
  5 plants (D:1)
5 creatures vanquished.

Grand Total: 37 creatures vanquished

Notes
Turn   | Place    | Note
-------+----------+-------------------------------------------
     0 | D:1      | EmilyW the Minotaur Fighter began the quest for the Orb.
     0 | D:1      | Reached XP level 1. HP: 19/19 MP: 0/0
   293 | D:1      | You fall into a shaft and drop 1 floor!
   375 | D:2      | Reached XP level 2. HP: 8/27 MP: 1/1
   515 | D:2      | Reached XP level 3. HP: 33/33 MP: 2/2
   734 | D:1      | Found a faded altar of an unknown god.
  1200 | D:1      | Upgraded the game from 0.30-a0-737-gf23d94013f to
                  | 0.30-a0-738-g116ff8c4af
  1754 | D:2      | Engulfed by a cloud of flame

Illustrated notes

Levels and vault maps discovered:
D:1:      kennysheep_arrival_forest, layout_loops_corners,
          shapermc_ecumenical_altar_mp_ritualfount
D:2:      layout_basic

Skill      XL: |  1  2  3 |
---------------+----------+-----
Armour         | 4 |  4.3
Fighting       | 4 |  4.2
Axes           | 3 |  3.4
Shields        | 4 |  4.0
Dodging        | |  0.2

Action                     || total
---------------------------++-------
  Melee: War axe           ||    56
         Headbutt          ||     4
    Use: Scroll            ||     5
         Potion            ||     2
 Armour: Scale mail        ||    20
         Chain mail        ||    12
  Dodge: Dodged            ||   117
  Block: Buckler           ||    32

Table legend: (Time is in decaauts)
 A = Elapsed time spent in this place.
 B = Non-inter-level travel time spent in this place.
 C = Inter-level travel time spent in this place.
 D = Time resting spent in this place.
 E = Time spent auto-exploring this place.
 F = Levels seen in this place.
 G = Mean time per level.
                   A        B        C        D        E       F      G
               +--------+--------+--------+--------+--------+-----+--------+
         Total |   1775 |   1591 |    184 |    113 |    785 |   2 |  887.5 |
       Dungeon |   1775 |   1591 |    184 |    113 |    785 |   2 |  887.5 |
               +--------+--------+--------+--------+--------+-----+--------+

Top non-repeatable levels by time:
     D:1: 1105 daAuts
     D:2: 670 daAuts
